 Dungeon Crawl Stone Soup version 0.18.1-6-gd335043 (webtiles) character file.

69498 oplop the Spry (level 14, -10/72 HPs)
             Began as a Felid Berserker on May 17, 2016.
             Was the Champion of Trog.
             Mangled by a spriggan rider
             ... wielding a +0 spear
              (17 damage)
             ... on level 2 of the Swamp.
             The game lasted 01:25:39 (22475 turns).

oplop the Spry (Felid Berserker)                   Turns: 22475, Time: 01:25:40

Health: -10/72     AC: 11    Str: 11    XL:     14   Next: 90%
Magic:  23/23      EV: 36    Int: 11    God:    Trog [******]
Gold:   1808       SH:  0    Dex: 22    Spells: 0 memorised, 13 levels left
                                        Lives:  0   Deaths: 4

rFire  . . .     SeeInvis +       - Unarmed
rCold  + . .     Gourm    .     (armour unavailable)
rNeg   . . .     Faith    .     (shield unavailable)
rPois  .         Spirit   .     (helmet unavailable)
rElec  .         Dismiss  .     (cloak unavailable)
rCorr  .         Reflect  .     (gloves unavailable)
SustAt .         Harm     .     (boots unavailable)
MR     ++++.                    i - amulet of regeneration
Stlth  ++++++++..               C - ring of flight
                                n - ring of Robustness {AC+8}

@: exhausted, regenerating, slowed, slow, incredibly resistant to hostile
enchantments, extraordinarily stealthy
A: no armour, no weapons or thrown items, claws 1, fangs 3, see invisible,
carnivore 3, clever 1, speed 1, sense surroundings 1, shaggy fur 3, slow
metabolism 1, weak 1, sharp paws
a: Berserk, Trog's Hand, Brothers in Arms, Burn Spellbooks, Renounce Religion,
Evoke Flight


You were on level 2 of the Swamp.
You worshipped Trog.
Trog was exalted by your worship.
You were not hungry.

You visited 5 branches of the dungeon, and saw 28 of its levels.
You also visited: Sewer and Ice Cave.

You collected 3165 gold pieces.
You spent 1357 gold pieces at shops.

Inventory:

Jewellery
 i - an amulet of regeneration (around neck)
 m - a +6 ring of dexterity
 n - the ring of Robustness (left paw) {AC+8}
   (You found it on level 9 of the Dungeon)

   [ring of protection]

   It affects your AC (+8).
 C - a ring of flight (right paw)
 V - the ring "Buunwaeg" {Int+5 Dex+4 Stlth+}
   (You found it on level 8 of the Lair of Beasts)

   [ring of stealth]

   It affects your intelligence (+5).
   It affects your dexterity (+4).
   It makes you more stealthy.
Wands
 d - a wand of polymorph (14/24)
 e - a wand of paralysis (9/24)
 w - a wand of flame (31/48)
 y - a wand of slowing (25/48)
 z - a wand of hasting (6/9)
 D - a wand of flame (25/48)
 J - a wand of lightning (11/15)
 K - a wand of disintegration (8/24)
 N - a wand of iceblast (5/15)
 O - a wand of teleportation (7/9)
 P - a wand of lightning (11/15)
 Q - a wand of acid (5/15)
 S - a wand of enslavement (13/24)
 T - a wand of hasting (4/9)
 W - a wand of iceblast (6/15)
 Y - a wand of polymorph (9/24)
 Z - a wand of acid (5/15)
Scrolls
 c - 8 scrolls of remove curse
 f - 6 scrolls of fear
 h - 3 scrolls of blinking
 p - 12 scrolls of teleportation
 t - 6 scrolls of magic mapping
 v - a scroll of fog
 x - 4 scrolls of recharging
 E - 3 scrolls of immolation
 F - a scroll of holy word
 X - 7 scrolls of identify
Potions
 b - 18 potions of curing
 j - 7 potions of resistance
 k - 4 potions of flight
 l - 2 potions of cancellation
 o - 6 potions of brilliance
 q - 7 potions of magic
 r - 3 potions of berserk rage
 s - 9 potions of heal wounds
 u - 3 potions of haste
 A - 2 potions of ambrosia
 G - a potion of lignification
 H - a potion of cure mutation
 L - 4 potions of might
 M - a potion of agility
Miscellaneous
 R - a sack of spiders {used: 1}
 U - a sack of spiders
Comestibles
 a - 16 meat rations
 g - 15 beef jerkies
 B - 3 slices of pizza
 I - a royal jelly


   Skills:
 + Level 14.3 Fighting
 + Level 17.6 Dodging
 - Level 15.7 Stealth
 + Level 14.2 Unarmed Combat
 + Level 11.6 Evocations


You had 13 spell levels left.
You didn't know any spells.

Dungeon Overview and Level Annotations

Branches:
Dungeon (15/15)            Temple (1/1) D:4            Lair (8/8) D:10
  Swamp (2/4) Lair:4        Snake (0/4) Lair:5        Slime (0/6) Lair:7
    Orc (2/2) D:9             Elf (0/3) Orc:2        Vaults (0/5) D:14
 Depths (0/5) D:15

Altars:
Ashenzari
Cheibriados
Dithmenos
Elyvilon
Fedhas
Gozag
Kikubaaqudgha
Makhleb
Nemelex Xobeh
Okawaru
Pakellas
Qazlal
Ru
Sif Muna
Trog
Vehumet
Xom
Yredelemnul
Zin
The Shining One
Beogh
Jiyva

Shops:
D:4 (   D:14 [?}   D:15 (   Orc:2 **%?

Portals:
Trove: D:11 (give wand of heal wounds (9))

Annotations:
D:12 Rupert
D:14 exclusion: Roxanne, Roxanne
Lair:8 exclusion: oklob plant


Innate Abilities, Weirdness & Mutations

You cannot wear armour.
You are incapable of wielding weapons or throwing items.
You have sharp claws.
You have razor-sharp teeth.
You have supernaturally acute eyesight.
You are carnivorous and can eat meat at any time.
You cover ground quickly.
Your thick and shaggy fur keeps you warm (AC +3, rC+).
You have a slow metabolism.
Your sharp claws are effective at attacking unaware monsters.
Your mind is acute. (Int +2)
You passively map a small area around you.
You are weak. (Str -2)


Message History

The spriggan rider is severely wounded.
You claw the spriggan rider!
You kill the spriggan rider!
Trog accepts your kill.
You kill the wasp!
Trog accepts your kill.
You hear a splash. x2
The spriggan rider hits you from afar with a spear.
* * * LOW HITPOINT WARNING * * *
You scratch the spriggan rider. You claw the spriggan rider!!
The spriggan rider is heavily wounded.
You are no longer berserk.
You are exhausted.
You feel yourself slow down.
The spriggan rider hits you with a spear.
* * * LOW HITPOINT WARNING * * *
You miss the spriggan rider. You claw the spriggan rider!
The spriggan rider is severely wounded.
The spriggan rider hits you with a spear!
You die...

♣..≈≈≈≈≈≈.≈≈≈≈≈≈≈≈≈.♣♣
♣♣<.≈≈≈≈≈≈≈≈≈≈≈≈≈≈≈.♣
♣♣........≈≈..≈≈≈≈.♣
♣♣♣♣♣♣♣......≈≈≈≈..≈
*♣♣♣≈♣♣♣.≈≈≈...≈...≈
≈≈≈≈≈....≈≈≈..♣.≈≈.
*≈≈≈≈≈..)≈≈..♣♣ *
.≈≈≈≈...≈i≈♣♣ ,
≈≈≈...≈.@.≈♣ ,
.≈≈.♣♣♣♣≈≈♣♣ * ≈ ≈..♣
♣♣..♣ , ♣♣≈ ...♣ ,, ♣
* ♣.≈♣ ♣♣♣


You could see a spriggan rider.

Vanquished Creatures
  Gastronok (D:12)
  Maud (Lair:5)
  Snorg (Lair:6)
  A fire dragon (D:15)
  The ghost of Mefis the Thaumaturge, a journeyman DEWz of Sif Muna (D:11)
  2 ice dragons
  10 hydras
  A catoblepas (Lair:6)
  Erica (D:8)
  6 centaur warriors
  A queen ant (Lair:8)
  5 alligators
  A ghost crab (Swamp:2)
  An ogre mage (D:14)
  4 death yaks
  4 orc high priests
  Sonja (D:14)
  2 spriggans (Swamp:2)
  2 fire crabs
  A shambling mangrove (Swamp:1)
  3 unseen horrors
  2 swamp dragons (Swamp:1)
  Pikel (D:7)
  2 orc knights
  A harpy (shapeshifter) (D:14)
  4 hill giants
  An ugly thing (D:11)
  2 deep elf magi
  An orc sorcerer (Orc:2)
  A hornet (Swamp:1)
  4 manticores
  4 griffons
  5 cyclopes
  7 black mambas
  An ice statue (IceCv)
  5 elephants (Lair:8)
  Joseph (D:8)
  A kobold demonologist (D:15)
  9 spiny frogs
  An efreet (D:15)
  A demonic crawler (D:13)
  7 komodo dragons
  4 trolls
  A tengu conjurer (D:14)
  14 polar bears (IceCv)
  Prince Ribbit (D:7)
  3 two-headed ogres
  10 slime creatures
  3 giant leeches (Swamp:1)
  24 blink frogs
  A slime creature (shapeshifter) (D:13)
  5 wyverns
  2 wraiths
  58 yaks
  3 basilisks
  2 water elementals (D:12)
  A hill giant zombie (D:9)
  18 hippogriffs
  4 hungry ghosts
  3 fire elementals (D:13)
  13 vampire mosquitoes
  3 swamp worms
  20 soldier ants (Lair:8)
  19 water moccasins
  2 wargs (Orc:2)
  3 giant eyeballs (D:9)
  4 swamp drakes
  3 hell hounds (D:13)
  15 orc warriors
  15 porcupines
  2 black bears (D:11)
  3 ice beasts
  4 wasps
  3 sky beasts
  9 ogres
  4 slaves (D:7)
  25 wolves
  2 phantoms
  An eye of draining (shapeshifter) (D:15)
  12 centaurs
  18 crocodiles
  5 big kobolds
  3 wyvern zombies
  18 giant frogs
  A water moccasin zombie (D:7)
  A troll zombie (D:9)
  4 scorpions
  10 wights
  20 killer bees
  2 electric eels
  5 howler monkeys
  2 centaur zombies
  7 crimson imps
  A giant frog zombie (D:5)
  A quasit (D:9)
  Crazy Yiuf (D:5)
  4 hounds
  7 jellies
  2 giant frog skeletons
  15 orc priests
  4 centaur skeletons
  6 iguanas
  18 orc wizards
  34 worker ants
  A killer bee zombie (D:6)
  12 sheep
  6 ogre zombies (D:9)
  A hound zombie (D:10)
  A hound skeleton (D:10)
  A worker ant zombie (D:10)
  15 adders
  2 gnolls (Orc:1)
  A howler monkey skeleton (D:5)
  59 river rats
  4 shadow imps
  2 adder zombies
  5 oozes
  3 adder skeletons
  6 worms
  4 dart slugs
  12 giant geckos
  44 orcs
  6 giant cockroaches
  A goblin (D:1)
  2 hobgoblins
  11 jackals
  3 quokkas
  5 ball pythons
  4 bats
  3 giant newts
  4 goblin skeletons (D:9)
  A goblin zombie (D:9)
  2 hobgoblin skeletons (D:9)
  4 hobgoblin zombies (D:9)
  29 kobolds
  6 orc skeletons (D:9)
  8 orc zombies (D:9)
  A quokka skeleton (D:7)
  15 rats
  A butterfly (Lair:6)
904 creatures vanquished.

Vanquished Creatures (collateral kills)
  A white draconian (IceCv)
  An orc high priest (Orc:2)
  A death yak (Lair:3)
  An orc sorcerer (Orc:2)
  3 polar bears
  A troll (Orc:1)
  3 blink frogs (Lair:2)
  4 vampire mosquitoes
  2 wargs (Orc:1)
  3 orc warriors (Orc:1)
  An ogre (Orc:1)
  2 wolves (IceCv)
  A crocodile (Lair:2)
  A gnoll sergeant (Orc:1)
  An orc priest (Orc:1)
  2 orc wizards (Orc:1)
  A gnoll (Orc:1)
  6 river rats
  20 orcs
55 creatures vanquished.

Vanquished Creatures (others)
  An adder (D:5)
  2 fungi
  5 plants
8 creatures vanquished.

Grand Total: 967 creatures vanquished

Notes
Turn   | Place    | Note
--------------------------------------------------------------
     0 | D:1      | oplop the Felid Berserker began the quest for the Orb.
     0 | D:1      | Reached XP level 1. HP: 10/10 MP: 2/2
    55 | D:1      | Reached skill level 1 in Stealth
    64 | D:1      | Reached XP level 2. HP: 14/14 MP: 3/3
   295 | D:1      | Reached ** piety under Trog
   569 | D:1      | Reached XP level 3. HP: 15/17 MP: 4/4
   907 | D:2      | Found a faded altar to an unknown god.
  1272 | D:2      | Reached skill level 5 in Dodging
  1272 | D:2      | Reached XP level 4. HP: 22/22 MP: 5/5
  1955 | D:3      | Found a white marble altar of Elyvilon.
  2082 | D:4      | Found Enoefaume's Antique Weapon Boutique.
  2119 | D:4      | Noticed an ogre
  2128 | D:4      | Killed an ogre
  2128 | D:4      | Reached XP level 5. HP: 25/25 MP: 6/6
  2176 | D:4      | Found a staircase to the Ecumenical Temple.
  2192 | Temple   | Entered the Ecumenical Temple
  2304 | D:4      | Found a glowing drain.
  2316 | D:4      | Reached *** piety under Trog
  2359 | Sewer    | Entered a sewer
  2447 | Sewer    | Gained mutation: You are covered in thick fur (AC +2). [Felid growth]
  2447 | Sewer    | Reached XP level 6. HP: 22/29 MP: 7/7
  2463 | Sewer    | Reached skill level 6 in Dodging
  2743 | D:4      | Reached XP level 7. HP: 33/33 MP: 8/8
  2751 | D:4      | Reached skill level 5 in Stealth
  2758 | D:4      | Found a blossoming altar of Fedhas.
  2877 | D:4      | Reached **** piety under Trog
  2880 | D:4      | Reached skill level 5 in Fighting
  3314 | D:5      | Entered Level 5 of the Dungeon
  3352 | D:5      | Reached skill level 7 in Dodging
  3367 | D:5      | Reached skill level 5 in Unarmed Combat
  3557 | D:5      | Reached XP level 8. HP: 27/38 MP: 9/9
  3621 | D:5      | Found a glowing silver altar of Zin.
  3627 | D:5      | Noticed an angel
  3646 | D:5      | Found a shimmering altar of Xom.
  3772 | D:5      | Noticed Crazy Yiuf
  3779 | D:5      | Killed Crazy Yiuf
  4221 | D:6      | Reached skill level 8 in Dodging
  4264 | D:6      | Slain by a giant frog
  4265 | D:6      | Reached XP level 7. HP: -4/35 MP: 8/8
  4407 | D:6      | Slain by a killer bee zombie
  4408 | D:6      | Reached XP level 6. HP: -3/31 MP: 7/7
  4421 | D:6      | Reached XP level 7. HP: 35/35 MP: 8/8
  4450 | D:7      | Noticed Prince Ribbit
  4609 | D:7      | Noticed Pikel
  4804 | D:8      | Reached XP level 8. HP: 40/40 MP: 9/9
  4855 | D:7      | Found a sparkling altar of Nemelex Xobeh.
  4870 | D:7      | Found a shattered altar of Ashenzari.
  4903 | D:7      | Reached skill level 9 in Dodging
  5102 | D:7      | Killed Pikel
  5168 | D:7      | Reached XP level 9. HP: 43/43 MP: 10/10
  5440 | D:7      | Reached skill level 10 in Stealth
  5455 | D:7      | Killed Prince Ribbit
  5455 | D:7      | Reached skill level 10 in Dodging
  5552 | D:7      | Reached ***** piety under Trog
  5556 | D:7      | Gained mutation: You are weak. (Str -2) [mutagenic meat]
  5557 | D:7      | Gained mutation: Your mind is acute. (Int +2) [mutagenic meat]
  5558 | D:7      | Gained mutation: You passively map a small area around you. [mutagenic meat]
  6158 | D:8      | Noticed Joseph
  6169 | D:8      | Killed Joseph
  6319 | D:8      | Reached XP level 10. HP: 49/49 MP: 11/11
  6681 | D:8      | Noticed Erica
  6683 | D:8      | Killed Erica
  6683 | D:8      | Reached skill level 11 in Dodging
  6800 | D:8      | Found an oddly glowing altar of Pakellas.
  6803 | D:8      | Found a radiant altar of Vehumet.
  6806 | D:8      | Found a deep blue altar of Sif Muna.
  7151 | D:9      | Found a staircase to the Orcish Mines.
  7163 | D:10     | Entered Level 10 of the Dungeon
  7163 | D:10     | Noticed a hill giant
  7164 | D:10     | Killed a hill giant
  7347 | D:10     | Found a staircase to the Lair.
  7633 | D:10     | Found a viscous altar of Jiyva.
  7753 | D:11     | Noticed a white ugly thing
  7807 | D:11     | Noticed Mefis's ghost (journeyman DEWz)
  7836 | D:11     | Slain by Mefis's ghost
  7837 | D:11     | Reached XP level 9. HP: -3/46 MP: 10/10
  7845 | D:11     | xeno23: рип
  7865 | D:11     | xeno23: иди свой труп сожри
  7865 | D:11     | oplop: https://www.youtube.com/watch?v=tl4SsaOJlAc
  7897 | D:11     | Found a portal to a secret trove of treasure.
  7949 | D:11     | Reached XP level 10. HP: 49/49 MP: 11/11
  8017 | D:11     | oplop: о
  8017 | D:11     | oplop: бим
  8017 | D:11     | oplop: а че нейм, перерыв решил сделать?
  8317 | D:12     | Noticed a hill giant
  8358 | Lair:1   | Entered Level 1 of the Lair of Beasts
  8551 | Lair:1   | Noticed a seven-headed hydra
  8564 | Lair:1   | Killed a seven-headed hydra
  8564 | Lair:1   | Reached skill level 12 in Dodging
  8636 | Lair:1   | Reached skill level 10 in Fighting
  9252 | Lair:2   | Reached XP level 11. HP: 52/54 MP: 12/12
  9603 | Lair:2   | Reached skill level 10 in Unarmed Combat
 10201 | Lair:3   | Reached skill level 13 in Dodging
 10256 | Lair:3   | Noticed a death yak
 10261 | Lair:3   | Reached ****** piety under Trog
 10271 | Lair:3   | Noticed a death yak
 10271 | Lair:3   | Noticed a death yak
 10271 | Lair:3   | Noticed a death yak
 10314 | Lair:3   | Killed a death yak
 10394 | Lair:3   | Noticed a six-headed hydra
 10401 | Lair:3   | Killed a six-headed hydra
 10589 | Lair:3   | Gained mutation: Your thick and shaggy fur keeps you warm (AC +3, rC+). [Felid growth]
 10589 | Lair:3   | Reached XP level 12. HP: 60/60 MP: 13/13
 10892 | Lair:4   | Noticed a four-headed hydra
 11195 | Lair:4   | Killed a four-headed hydra
 11252 | Lair:5   | Reached skill level 14 in Dodging
 11346 | Lair:5   | Noticed an eight-headed hydra
 11354 | Lair:5   | Killed an eight-headed hydra
 11360 | Lair:5   | Noticed Maud
 11368 | Lair:5   | Killed Maud
 11368 | Lair:5   | Reached skill level 15 in Stealth
 11710 | Lair:5   | Found a staircase to the Snake Pit.
 11733 | Lair:5   | Found a blossoming altar of Fedhas.
 11765 | Lair:5   | Noticed a five-headed hydra
 11827 | Lair:5   | Killed a five-headed hydra
 11963 | Lair:6   | Noticed a death yak
 11963 | Lair:6   | Noticed a death yak
 11963 | Lair:6   | Noticed a death yak
 11963 | Lair:6   | Noticed a death yak
 11964 | Lair:6   | Killed a death yak
 11985 | Lair:5   | Killed a death yak
 12146 | Lair:6   | Reached XP level 13. HP: 64/64 MP: 14/14
 12300 | Lair:6   | Noticed Snorg
 12309 | Lair:6   | Killed Snorg
 12309 | Lair:6   | Reached skill level 1 in Evocations
 12531 | Lair:7   | Found a staircase to the Slime Pits.
 12565 | Lair:7   | oplop: ??wand of enslavement
 12565 | Lair:7   | beem: enslavement[1/3]: A wand that temporarily turns an enemy into an ally. Useful on orc warriors and the like with low magic resistance. Can be very useful to enslave something, tell it to 'wait here' and get xp while it kills things off screen. Was also a spell (L4 Hexes) in 0.16 and earlier.
 12565 | Lair:7   | oplop: ??wand of enslavement[2
 12565 | Lair:7   | beem: enslavement[2/3]: You can't enslave monsters that your god doesn't like.
 12565 | Lair:7   | oplop: ??wand of enslavement[3
 12565 | Lair:7   | beem: scroll of vulnerability[3/3]: 0.14- trivia: If you cast Summon Greater Demon, then read vuln (or a purple drac/quicksilver dragon shoots at them - same effect) they went hostile, because their friendliness was a status effect (enslavement).
 13476 | Lair:8   | Entered Level 8 of the Lair of Beasts
 13642 | Lair:8   | Reached skill level 5 in Evocations
 13770 | Lair:7   | oplop: ??ant
 13770 | Lair:7   | beem: I don't have a page labeled ant in my learndb. Did you mean: apt, aut, int.
 13770 | Lair:7   | oplop: ??worker ant
 13770 | Lair:7   | beem: worker ant[1/1]: Fast and poisonous. It's an ant, what did you expect.
 13770 | Lair:7   | oplop: @??worker ant
 13770 | Lair:7   | beem: worker ant (a)
                  | Spd:
    12 | HD: 3    | HP: 13-19
                  | AC/EV: 4/10
                  | Dam: 8(poison:6-12)
                  | Res: magic(10)
                  | Vul: poison
                  | XP:
    33 | Sz: small | Int: animal.
 13871 | Lair:8   | oplop: ??soldier ant
 13871 | Lair:8   | beem: soldier ant[1/1]: The nightmare monster from nethack is nowhere near as deadly in crawl. Generally a pushover by the time they start appearing, though you might get poisoned a bit.
 13871 | Lair:8   | oplop: @??soldier ant
 13871 | Lair:8   | beem: soldier ant (a)
                  | Spd:
    10 | HD: 6    | HP: 28-39
                  | AC/EV: 8/10
                  | Dam: 14(poison:12-24)
                  | Res: magic(20)
                  | Vul: poison
                  | Chunks: noxious
                  | XP:
   157 | Sz: Medium | Int: animal.
 14006 | Lair:8   | Reached skill level 15 in Dodging
 14212 | Lair:8   | Got a transparent bronze ring
 14811 | Lair:8   | Reached XP level 14. HP: 69/69 MP: 20/20
 14927 | Lair:7   | Identified the ring "Buunwaeg" {Int+5 Dex+4 Stlth+} (You found it on level 8 of the Lair of Beasts)
 15231 | D:11     | Killed Mefis's ghost
 15417 | D:12     | Noticed Gastronok
 15439 | D:12     | Killed Gastronok
 15565 | D:12     | Noticed Rupert
 15952 | D:13     | Found a stormy altar of Qazlal.
 16039 | D:13     | Noticed Azrael
 16119 | D:13     | Noticed Azrael
 16119 | D:13     | Azrael changed into Azrael the demonic crawler
 16128 | D:13     | Killed Azrael the demonic crawler
 16227 | D:13     | Found a glowing silver altar of Zin.
 16414 | D:13     | Identified a scroll of acquirement
 16564 | D:14     | Noticed Sonja
 16567 | D:14     | Killed Sonja
 16596 | D:14     | Found Doczejik's Gadget Shoppe.
 16605 | D:14     | Bought a sack of spiders for 300 gold pieces
 16722 | D:14     | Noticed Roxanne
 16759 | D:14     | Found Laosotz's Magic Scroll Boutique.
 16762 | D:14     | Reached skill level 16 in Dodging
 16765 | D:14     | Bought a scroll of teleportation for 36 gold pieces
 16765 | D:14     | Bought a scroll of identify for 24 gold pieces
 16765 | D:14     | Bought a scroll of teleportation for 36 gold pieces
 16765 | D:14     | Bought 2 scrolls of identify for 48 gold pieces
 16765 | D:14     | Bought a scroll of identify for 24 gold pieces
 16771 | D:14     | Found a frozen archway.
 16778 | IceCv    | Entered an ice cave
 17376 | IceCv    | Reached skill level 10 in Evocations
 17529 | D:14     | Found Muyzem's Antique Armour Shop.
 17625 | D:14     | Found a gate to the Vaults.
 18025 | D:15     | Entered Level 15 of the Dungeon
 18092 | D:15     | Reached XP level 15. HP: 74/74 MP: 23/23
 18128 | D:15     | Found Exeheif's Antique Weapon Shoppe.
 18655 | D:15     | Found a staircase to the Depths.
 19077 | D:11     | oplop: нужен
 19077 | D:11     | oplop: совет
 19077 | D:11     | oplop: есть дохуя спеллов, палок, есть статуя
 19077 | D:11     | oplop: и ест ТРОГ
 19077 | D:11     | Wingboner: Кек.
 19077 | D:11     | Wingboner: Ну http://crawl.xtahua.com/crawl/morgue/casual/morgue-casual-20150411-100206.txt
 19077 | D:11     | Wingboner: Я в такой ситуации дождался, пока Трог себя не изжил, потом вкачал статую, потом дропнул его.
 19077 | D:11     | oplop: лол
 19077 | D:11     | oplop: вкачал статую с трогом?
 19077 | D:11     | oplop: норм
 19077 | D:11     | Wingboner: А хренли? Он обижался немношк, но стерпел.
 19093 | D:11     | oplop: ясно
 19093 | D:11     | oplop: ну посмотрим
 19186 | D:9      | Wingboner: Я только что просрал чара с +9 вампирик палачетопором.
 19188 | D:9      | Wingboner: Мухи кислотные съели на затабе.
 19188 | D:9      | oplop: ого
 19188 | D:9      | oplop: это как
 19188 | D:9      | oplop: ы
 19188 | D:9      | oplop: шрайки?
 19188 | D:9      | Wingboner: Да.
 19188 | D:9      | oplop: кастики
 19188 | D:9      | oplop: бля
 19188 | D:9      | oplop: они такие, да
 19188 | D:9      | Wingboner: Я со злости решил спайтфул 3 сделать.
 19188 | D:9      | oplop: и как успехи?
 19188 | D:9      | Wingboner: Три звезды Чеи.
 19188 | D:9      | oplop: а, троль тот?
 19188 | D:9      | Wingboner: Да, Рю уже дропнул.
 19188 | D:9      | Wingboner: !sacrifices
 19188 | D:9      | beem: Last sacrifices made by Wingboner: essence, evocations, skill, purity, armour
 19188 | D:9      | oplop: >skill, armour
 19188 | D:9      | oplop: да ты суров
 19188 | D:9      | Wingboner: Я уже почти статуя.
 19188 | D:9      | oplop: хы
 19193 | D:9      | Wingboner: 65% фейлюры.
 19196 | D:9      | Wingboner: Зачем мне армор?
 19208 | D:9      | oplop: да, стормозил
 19208 | D:9      | oplop: хехе
 19222 | D:9      | Wingboner: А вместо скила Чеи.
 19329 | D:9      | oplop: лоооол
 19329 | D:9      | oplop: колечко робаста
 19329 | D:9      | Wingboner: Хаха!
 19329 | D:9      | Wingboner: Самое то для котика.
 19329 | D:9      | oplop: вместо дексы надену
 19329 | D:9      | oplop: бля, РЕЗИСТОВ НЕТУ КАК ИГРАТЬ
 19329 | D:9      | Wingboner: Кек.
 19329 | D:9      | Wingboner: Мне щит с аквариума упал.
 19329 | D:9      | Wingboner: Резиновый.
 19329 | D:9      | oplop: gjqle xfqre cltkf.
 19329 | D:9      | oplop: резиновый?
 19329 | D:9      | Wingboner: of resi
 19329 | D:9      | oplop: а
 19329 | D:9      | oplop: збс
 19329 | D:9      | oplop: пойду чайку себе плесну
 19329 | D:9      | Wingboner: Приятно подавиться!
 19329 | D:9      | oplop: скотинка
 19457 | D:9      | Wingboner: ААААААААААААААААААААА
 19457 | D:9      | Wingboner: Я помер.
 19459 | D:9      | Wingboner: ТУПО
 19479 | D:9      | Wingboner: Короче, мне надо пойти себе вкрутить мозгов.
 19479 | D:9      | oplop: фу так делать
 19479 | D:9      | oplop: об гидру
 19479 | D:9      | Wingboner: Сегодня вообще дебильно помираю.
 19780 | Orc:1    | Entered Level 1 of the Orcish Mines
 19781 | Orc:1    | oplop: хуле они не спят?
 19781 | Orc:1    | oplop: @??orc knight
 19781 | Orc:1    | beem: orc knight (o)
                  | Spd:
    10 | HD: 9    | HP: 56-80
                  | AC/EV: 11/10
                  | Dam: 25
                  | weapons, items, doors, fighter
                  | Res: magic(40)
                  | XP: 617
                  | Sp: battlecry [!AM]
                  | Sz: Medium
                  | Int: human.
 19790 | Orc:1    | Wingboner: Работают, негры. Солнце ж ещё высоко.
 20051 | Orc:2    | Entered Level 2 of the Orcish Mines
 20165 | Orc:1    | Found a bloodstained altar of Trog.
 20180 | Orc:1    | Found a roughly hewn altar of Beogh.
 20463 | Orc:1    | Wingboner: ??heal wounds
 20463 | Orc:1    | beem: heal wounds[1/2]: Restores a moderate amount of HP. Will not cure Rot status (but will reverse it), sickness, poisoning, or confusion. Compare with {potion of curing}.
 20463 | Orc:1    | Wingboner: ??heal wounds[2
 20463 | Orc:1    | beem: heal wounds[2/2]: Heals 10+(3d28/3) hp.
 20463 | Orc:1    | oplop: ?
 20463 | Orc:1    | oplop: от
 20463 | Orc:1    | oplop: эвоков не зависит
 20463 | Orc:1    | oplop: у меня трова хочеть хв9
 20463 | Orc:1    | oplop: я думаю что нахуй она идет
 20549 | Orc:2    | Reached skill level 17 in Dodging
 20556 | Orc:2    | Wingboner: За ДД играю, вспоминаю, какого калибра надо иметь дыру в пузе,чтоб оверхила не было.
 20557 | Orc:2    | oplop: лал
 20739 | Orc:2    | Found a staircase to the Elven Halls.
 20853 | Orc:2    | Found Xostraoh's General Store.
 20853 | Orc:2    | Found Cigeel's Magic Scroll Emporium.
 20878 | Orc:2    | Found Muukogr Bamm's Food Emporium.
 20885 | Orc:2    | Found Daqarenete's Assorted Antiques.
 20889 | Orc:2    | Bought a scroll of teleportation for 42 gold pieces
 20889 | Orc:2    | Bought a scroll of teleportation for 42 gold pieces
 20889 | Orc:2    | Bought a scroll of teleportation for 42 gold pieces
 20889 | Orc:2    | Bought a scroll of recharging for 133 gold pieces
 20889 | Orc:2    | Bought a scroll of fear for 49 gold pieces
 20889 | Orc:2    | Bought 3 scrolls of teleportation for 126 gold pieces
 20889 | Orc:2    | Bought a scroll of magic mapping for 49 gold pieces
 20921 | Orc:2    | Bought a gold wand for 116 gold pieces
 20921 | Orc:2    | Bought a potion of resistance for 290 gold pieces
 21177 | D:9      | Wingboner: Мне что-то сыплется ювелирка, но такая — что есть, что нет.
 21177 | D:9      | Wingboner: F - a ring of see invisible (left hand) Q - a ring of flight (right hand) L - an uncursed ring of stealth
 21177 | D:9      | Wingboner: О, за следующим углом прот и ловкость.
 21177 | D:9      | oplop: да, бывает такая хуйня
 21177 | D:9      | oplop: я как то дошел до д6 октоподом с 0 колец
 21204 | D:9      | Wingboner: Так до д6 это вообще нормально.
 21315 | Lair:3   | oplop: збс спустился
 21461 | Lair:4   | oplop: gbpltw
 21461 | Lair:4   | oplop: пиздец
 21461 | Lair:4   | oplop: снейки и свомп без рпойза
 21461 | Lair:4   | Found a staircase to the Swamp.
 21474 | Lair:4   | Wingboner: У тебя вместо рпойза Трог.
 21479 | Lair:4   | oplop: от конфуза в свомпе меня трог спасет чтоле
 21571 | Swamp:1  | Entered Level 1 of the Swamp
 21588 | Swamp:1  | Wingboner: Ну это да.
 21632 | Swamp:1  | oplop: хотя у меня 2 ванды хасты
 21632 | Swamp:1  | oplop: я реактивный котэ
 21693 | Swamp:1  | oplop: с кольцом полета
 21856 | Swamp:1  | HP: 1/112 [poison (poison gas)]
 21857 | Swamp:1  | Succumbed to poison (poison gas)
 21858 | Swamp:1  | Reached XP level 14. HP: -3/72 MP: 23/23
 22019 | Swamp:1  | Wingboner: You open the large door. 3 orcs, 2 orc warriors, an orc priest and an orc knight come into view. You open the large door. 3 orcs, 2 orc warriors, an orc priest and an orc knight come into view.
 22033 | Swamp:1  | Wingboner: Упс, два раза скопировалось.
 22034 | Swamp:1  | Wingboner: >д7
 22034 | Swamp:1  | oplop: норм
 22034 | Swamp:1  | oplop: короче
 22034 | Swamp:1  | oplop: я тут помер
 22034 | Swamp:1  | oplop: 0 жизней
 22034 | Swamp:1  | oplop: кот эт оне мой
 22034 | Swamp:1  | oplop: Ё
 22034 | Swamp:1  | Wingboner: Дропать будешь?
 22034 | Swamp:1  | oplop: меня тупо дракон затравил
 22034 | Swamp:1  | oplop: под берсом
 22068 | Swamp:1  | oplop: а зачем дропать
 22068 | Swamp:1  | oplop: ща умру еще раз и все
 22475 | Swamp:2  | Mangled by a spriggan rider

Skill      XL: |  1  2  3  4  5  6  7  8  9 10 11 12 13 14 15 |
---------------+----------------------------------------------+-----
Stealth        | 1 2 3 4 8 9 10 12 14 15 | 15.7
Dodging        | 5 6 7 9 10 12 13 14 15 16 17 | 17.6
Fighting       | 4 7 6 8 10 11 12 13 14 | 14.3
Unarmed Combat | 4 5 7 8 9 10 11 12 13 14 | 14.2
Evocations     | 7 10 11 | 11.6

Action                   |  1- 3 |  4- 6 |  7- 9 | 10-12 | 13-15 || total
-------------------------+-------+-------+-------+-------+-------++-------
Melee: Unarmed           |    86 |   117 |   406 |   618 |  1677 ||  2904
       Punch             |     4 |     2 |    13 |    41 |   159 ||   219
       Bite              |     5 |    17 |    45 |   111 |   271 ||   449
Invok: Berserk           |     7 |    10 |    20 |    18 |    31 ||    86
       Trog's Hand       |     1 |       |     4 |    11 |    24 ||    40
       Brothers in Arms  |       |       |       |     4 |     6 ||    10
 Abil: Evoke Flight      |       |       |       |       |    10 ||    10
       Stop Flying       |       |       |       |       |     3 ||     3
Evoke: Wand              |       |       |     3 |    13 |    23 ||    39
       Sack of spiders   |       |       |       |       |     1 ||     1
  Use: Scroll            |       |       |     9 |    15 |    21 ||    45
 Stab: Sleeping          |     4 |    11 |    26 |    66 |    98 ||   205
       Distracted        |     2 |       |     5 |     2 |    23 ||    32
       Paralysed         |       |       |       |       |     1 ||     1
  Eat: Chunk             |    14 |    13 |    42 |    38 |    60 ||   167
Armor: Skin              |     5 |     6 |    10 |    13 |    50 ||    84
Dodge: Dodged            |    83 |    94 |   373 |   600 |  1799 ||  2949
